 Dungeon Crawl Stone Soup version 0.31-a0-210-gccc998df9b (webtiles) character file.

Game seed: 18064232156182893676

1103 ketsa the Covert (level 8, 0/36 HPs)
             Began as a Spriggan Delver on June 30, 2023.
             Succumbed to a killer bee's poison
             ... on level 7 of the Dungeon.
             The game lasted 00:24:01 (5669 turns).

ketsa the Covert (Spriggan Delver)                  Turns: 5669, Time: 00:24:01

Health: 0/36       AC:  2    Str:  8    XL:     8   Next: 11%
Magic:  16/16      EV: 23    Int: 14    God:
Gold:   342        SH:  0    Dex: 22    Spells: 16/16 levels left

rFire   . . .        s - +2 dagger (elec)
rCold   . . .        (no shield)
rNeg    . . .        b - +0 robe
rPois   .            (helmet restricted)
rElec   .            (no cloak)
rCorr   .            (gloves unavailable)
SInv    +            (boots unavailable)
Will    +....        (no amulet)
Stlth   ++++         p - +6 ring of dexterity
HPRegen 0.26/turn    i - +5 ring of evasion
MPRegen 0.15/turn

%: no passive effects
@: mighty, lethally poisoned (0 -> -15), very quick
A: very small, no large weapons, unfitting armour, see invisible, speed 3, frail
1
a: no special abilities


You were on level 7 of the Dungeon.
You visited 1 branch of the dungeon, and saw 7 of its levels.

You collected 342 gold pieces.

Inventory:

Hand Weapons
 a - a +0 short sword
 s - a +2 dagger of electrocution (weapon)
Missiles
 y - 8 poisoned darts (quivered)
Armour
 b - a +0 robe (worn)
Jewellery
 i - a +5 ring of evasion (right hand)
 p - a +6 ring of dexterity (left hand)
 q - a ring of magical power
Wands
 g - a wand of digging (10)
 u - a wand of roots (7)
 z - a wand of polymorph (10)
 A - a wand of mindburst (22)
Scrolls
 c - 2 scrolls of fog
 d - a scroll of revelation
 e - 4 scrolls of fear
 h - 2 scrolls of enchant armour {unknown}
 j - a scroll of vulnerability {unknown}
 k - 2 scrolls of blinking {unknown}
 m - a scroll of amnesia {unknown}
 v - 4 scrolls of teleportation
 x - a scroll of summoning {unknown}
 C - a scroll of immolation {unknown}
 E - a scroll of identify
Potions
 f - a potion of haste
 l - a potion of lignification
 n - 2 potions of attraction
 o - 2 potions of berserk rage
 r - 2 potions of brilliance
 t - a potion of might
 w - a potion of mutation
 B - a potion of heal wounds {unknown}
 D - a potion of curing {unknown}


   Skills:
 + Level 3.3 Fighting
 * Level 6.2 Short Blades
 - Level 3.1 Dodging
 - Level 8.1 Stealth
 + Level 4.8 Spellcasting
 + Level 3.7 Hexes
 + Level 4.7 Translocations
 + Level 3.1 Evocations


You had 16 spell levels left.
You didn't know any spells.
Your spell library contained the following spells:

 Spells                   Type           Power      Damage    Failure   Level
 Lesser Beckoning         Tloc           32%        N/A       3%          2
 Gell's Gravitas          Tloc           16%        N/A       8%          3
 Teleport Other           Tloc           16%        N/A       8%          3
 Ensorcelled Hibernation  Hex/Ice        16%        N/A       12%         2
 Volatile Blastmotes      Fire/Tloc      18%        2d11      21%         3
 Dazzling Flash           Conj/Hex       16%        N/A       24%         3
 Inner Flame              Hex/Fire       8%         N/A       24%         3
 Cigotuvi's Dreadful Rot  Necr/Pois/Air  6%         N/A       26%         2
 Passwall                 Tmut/Erth      2%         N/A       26%         2
 Frozen Ramparts          Ice            6%         1d1       47%         3
 Ignite Poison            Fire/Tmut/Pois 3%         N/A       47%         3
 Swiftness                Air            3%         N/A       47%         3
 Iskenderun's Mystic Bla  Conj/Tloc      9%         2d4       56%         4
 Fulminant Prism          Conj/Hex       4%         3d5       63%         4
 Ice Form                 Ice/Tmut       3%         N/A       87%         4
 Summon Ice Beast         Ice/Summ       3%         N/A       87%         4
 Silence                  Hex/Air        4%         N/A       92%         5
 Yara's Violent Unravell  Hex/Tmut       4%         3d4       92%         5
 Agony                    Necr           3%         N/A       99%         5
 Freezing Cloud           Conj/Ice/Air   1%         6-21      99%         5
 Lee's Rapid Deconstruct  Erth           1%         3d4*      99%         5
 Enfeeble                 Hex            6%         N/A       100%        7
 Borgnjor's Revivificati  Necr           1%         N/A       100%        8
 Necromutation            Tmut/Necr      1%         N/A       100%        8
 Death's Door             Necr           1%         N/A       100%        9


Dungeon Overview and Level Annotations

Branches:
Dungeon (7/15)
 Temple: D:4-7

Altars:
Dithmenos
Gozag

Annotations:
D:3 Sigmund
D:4 3 runed translucent doors, Tonnatak's ghost, amateur DrDe; bmj180's ghost, novice MfIE; funaii's ghost, amateur DjFE; kae's ghost, novice DsTm
D:5 Dowan; Duvessa


Innate Abilities, Weirdness & Mutations

You are very small and have problems with some larger weapons.
You are too small for most types of armour.
You have supernaturally acute eyesight. (SInv)
You cover ground extremely quickly. (Speed+++)
You are frail. (-10% HP)


Message History

An orc comes into view. It is wielding a +0 flail.
You barely miss the killer bee.
The killer bee is moderately wounded.
You feel sick. The killer bee misses you.
The orc shouts!
You hit the killer bee.
The killer bee is heavily wounded.
You hear a shout! x3
A killer bee comes into view.
The killer bee stings you.
You are more poisoned.
The killer bee poisons you! The killer bee misses you.
You closely miss the killer bee.
The killer bee is heavily wounded.
You feel very sick. The killer bee stings you.
You miss the killer bee.
The killer bee is heavily wounded.
You feel sick. The killer bee misses you.
You hit the killer bee.
The killer bee is almost dead.
You feel sick. The killer bee misses you. The killer bee completely misses you.
A killer bee comes into view.
You miss the killer bee.
The killer bee is almost dead.
You feel sick.
The killer bee buzzes angrily.
You hear an angry buzzing noise.
The killer bee completely misses you.
You hear an angry buzzing noise.
The killer bee buzzes angrily.
You closely miss the killer bee.
The killer bee is almost dead.
You feel sick. The killer bee stings you.
* * * LOW HITPOINT WARNING * * *
You are more poisoned.
The killer bee poisons you!
An orc comes into view. It is wielding a +0 short sword.
The killer bee barely misses you.
It was a potion of might.
You feel very mighty all of a sudden.
You die...

### #######
#.###.#...##
##......)..#
#..##.....#
##.###...##
#.###...#
#..###### #@.#
#########y##
...y.......##
............##
.y...>.......#
........yy...#
#...........####..
###.........o.....
###.............


You could see 2 killer bees and an orc.

Vanquished Creatures
  A black bear (D:6)
  2 ogres
  A centaur (D:6)
  A kobold brigand (D:6)
  2 bullfrogs
  A scorpion (D:6)
  2 jellies
  An orc priest (D:6)
  5 hounds
  2 sleepcaps (D:6)
  An orc wizard (D:5)
  6 adders
  A shadow imp (D:6)
  An ufetubus (D:5)
  3 dart slugs
  12 orcs
  9 bats
  7 endoplasms
  3 giant cockroaches
  8 goblins
  6 hobgoblins
  9 jackals
  5 quokkas
  6 ball pythons
  4 frilled lizards
  12 kobolds
  5 rats
116 creatures vanquished.

Notes
Turn   | Place    | Note
-------+----------+-------------------------------------------
     0 | D:5      | ketsa the Spriggan Delver began the quest for the Orb.
     0 | D:5      | Reached XP level 1. HP: 11/11 MP: 2/2
     7 | D:5      | Noticed an orc wizard
    26 | D:5      | Noticed Duvessa
    26 | D:5      | Noticed Dowan
    44 | D:5      | Noticed a hound
    62 | D:5      | Found a shadowy altar of Dithmenos.
   340 | D:4      | Found a runed translucent gate.
   340 | D:4      | Found a runed translucent gate.
   340 | D:4      | Found a runed translucent gate.
   340 | D:4      | Noticed kae's ghost (novice DsTm)
   350 | D:4      | Noticed a hound
   357 | D:4      | Noticed Tonnatak's ghost (amateur DrDe)
   357 | D:4      | Noticed bmj180's ghost (novice MfIE)
   357 | D:4      | Noticed funaii's ghost (amateur DjFE)
   358 | D:4      | Noticed a hound
   410 | D:4      | Reached skill level 1 in Spellcasting
   508 | D:3      | Reached XP level 2. HP: 16/16 MP: 4/4
   881 | D:3      | Gained mutation: You are frail. (-10% HP) [potion of
                  | mutation]
  1045 | D:2      | Reached XP level 3. HP: 17/17 MP: 6/6
  1837 | D:2      | Reached XP level 4. HP: 17/20 MP: 8/8
  2027 | D:2      | Reached skill level 1 in Translocations
  2286 | D:3      | Noticed Sigmund
  2340 | D:3      | Reached skill level 1 in Hexes
  3195 | D:4      | Reached XP level 5. HP: 24/24 MP: 10/10
  3730 | D:5      | Reached XP level 6. HP: 26/28 MP: 11/11
  3932 | D:5      | Reached skill level 1 in Evocations
  4397 | D:5      | Reached skill level 8 in Stealth
  4516 | D:6      | Reached skill level 5 in Short Blades
  4516 | D:6      | Reached XP level 7. HP: 31/31 MP: 12/14
  5296 | D:6      | Reached XP level 8. HP: 30/36 MP: 16/16
  5381 | D:6      | Found an opulent altar of Gozag.
  5395 | D:6      | Found an opulent altar of Gozag.
  5395 | D:6      | Found an opulent altar of Gozag.
  5400 | D:6      | Found an opulent altar of Gozag.
  5669 | D:7      | Succumbed to a killer bee's poison

Illustrated notes

Levels and vault maps discovered:
D:1:      matt_arrival_debris, layout_rooms
D:2:      layout_rooms, minmay_misc_feat_iff
D:3:      layout_loops_cross, uniq_sigmund
D:4:      layout_gridville, gammafunk_ghost_cemetery, minmay_misc_feat_plants,
          minmay_misc_feat_doors
D:5:      layout_loops_ring, grunt_dithmenos_smoke_and_mirrors, uniq_duvessa
D:6:      layout_basic, nicolae_gozag_conspicuous_consumption
D:7:      layout_cave_pods, minmay_temple_entry_overgrown

Skill      XL: |  1  2  3  4  5  6  7  8 |
---------------+-------------------------+-----
Spellcasting   | 1 2 3 4 |  4.8
Short Blades   | 3 4 5 6 |  6.2
Translocations | 1 2 3 4 |  4.7
Hexes          | 1 2 3 |  3.7
Dodging        | 3 |  3.1
Evocations     | 1 2 3 |  3.1
Stealth        | 8 |  8.1
Fighting       | 3 |  3.3

Action                     |  1- 3 |  4- 6 |  7- 9 || total
---------------------------+-------+-------+-------++-------
  Melee: Short sword       |   130 |       |       ||   130
         Punch             |     1 |     2 |     2 ||     5
         Dagger            |    13 |   115 |    99 ||   227
  Throw: Dart              |       |       |     6 ||     6
  Evoke: Wand              |       |     3 |       ||     3
    Use: Potion            |     2 |     1 |     1 ||     4
         Scroll            |       |     4 |       ||     4
   Stab: Sleeping          |     9 |    16 |     3 ||    28
         Distracted        |     1 |       |     3 ||     4
 Armour: Robe              |     9 |     8 |     3 ||    20
  Dodge: Dodged            |   106 |    72 |    76 ||   254

Table legend: (Time is in decaauts)
 A = Elapsed time spent in this place.
 B = Non-inter-level travel time spent in this place.
 C = Inter-level travel time spent in this place.
 D = Time resting spent in this place.
 E = Time spent auto-exploring this place.
 F = Levels seen in this place.
 G = Mean time per level.
                   A        B        C        D        E       F      G
               +--------+--------+--------+--------+--------+-----+--------+
         Total |   3996 |   3897 |     99 |   1027 |   1094 |   7 |  570.9 |
       Dungeon |   3996 |   3897 |     99 |   1027 |   1094 |   7 |  570.9 |
               +--------+--------+--------+--------+--------+-----+--------+

Top non-repeatable levels by time:
     D:4: 910 daAuts
     D:6: 820 daAuts
     D:3: 726 daAuts
     D:5: 688 daAuts
     D:1: 407 daAuts
     D:2: 396 daAuts
     D:7: 46 daAuts
